 Dungeon Crawl Stone Soup version 0.21.1-72-gffa868e (webtiles) character file.

6153 taaruk the Cleaver (level 10, -8/81 HPs)
             Began as a Minotaur Berserker on Aug 5, 2018.
             Was a High Priest of Trog.
             Mangled by a seven-headed hydra (13 damage)
             ... on level 1 of the Lair of Beasts.
             The game lasted 02:30:38 (9960 turns).

taaruk the Cleaver (Minotaur Berserker)             Turns: 9960, Time: 02:30:38

Health: -8/81      AC:  7    Str: 25    XL:     10   Next: 59%
Magic:  9/9        EV: 13    Int: 10    God:    Trog [*****.]
Gold:   721        SH:  0    Dex: 12    Spells: 9/9 levels left

rFire    . . .     SeeInvis .   D - +8 hand axe (vamp)
rCold    + . .     Gourm    .   (no shield)
rNeg     . . .     Faith    +   b - +2 troll leather armour
rPois    .         Spirit   .   (helmet restricted)
rElec    +         Reflect  .   v - scarf {cloud immunity}
rCorr    .         Harm     .   m - +0 pair of gloves
MR       ++...     Clarity  +   (no boots)
Stlth    ++++......             Y - amulet of faith
HPRegen  1.63/turn              g - +6 ring of intelligence
MPRegen  0.11/turn              N - ring of Zoghumi {+Fly rElec Dex+2 Stlth+}

@: regenerating
A: retaliatory headbutt, horns 2, clarity, cold resistance 1
a: Berserk, Trog's Hand, Brothers in Arms, Burn Spellbooks, Renounce Religion,
Evoke Flight


You were on level 1 of the Lair of Beasts.
You worshipped Trog.
Trog was extremely pleased with you.
You were hungry.

You visited 3 branches of the dungeon, and saw 11 of its levels.

You collected 721 gold pieces.

Inventory:

Hand Weapons
 a - a +0 spear
 e - a cursed -3 spear
 l - a +1 scythe of freezing
 n - the +4 spear "Xetwung" {venom, rC+, unknown}
   (You found it on level 7 of the Dungeon)

   It poisons the flesh of those it strikes.
   It protects you from cold.
 C - a cursed -3 dagger
 D - a +8 vampiric hand axe (weapon)
 E - the +10 dagger of Lenivuo {antimagic, -Tele rPois Int+5 Dex+4, unknown}
   (You found it on level 7 of the Dungeon)

   It reduces the magical energy of the wielder, and disrupts the spells and
   magical abilities of those hit.
   Natural abilities and divine invocations are not affected.
   It affects your intelligence (+5).
   It affects your dexterity (+4).
   It protects you from poison.
   It prevents most forms of teleportation.
 H - a +0 hand crossbow
 M - a +4 falchion
 R - a +1 dagger of freezing
 S - a +2 shortbow of flaming
 X - a +1 short sword of flaming
 Z - a +2 whip of electrocution
Missiles
 f - 102 arrows
 o - 282 stones
 x - 173 bolts
 y - 26 poisoned needles
 O - 8 tomahawks (quivered)
 Q - 56 sling bullets
Armour
 b - a +2 troll leather armour (worn)
 i - a +2 leather armour of cold resistance
 m - a +0 pair of gloves (worn)
 v - a scarf of cloud immunity (worn)
Jewellery
 g - a +6 ring of intelligence (left hand)
 u - an uncursed ring of see invisible
 G - an uncursed ring of fire
 N - the ring of Zoghumi (right hand) {+Fly rElec Dex+2 Stlth+}
   (You found it on level 5 of the Dungeon)

   [ring of flight]

   It affects your dexterity (+2).
   It insulates you from electricity.
   It lets you fly.
   It makes you more stealthy.
 Y - an amulet of faith (around neck)
Wands
 z - a wand of iceblast (6)
Scrolls
 h - 2 scrolls of brand weapon
 j - a scroll of summoning {unknown}
 s - 5 scrolls of remove curse
 w - 6 scrolls of random uselessness
 B - a scroll of magic mapping {unknown}
 F - 2 scrolls of amnesia
 J - a scroll of teleportation
 K - a scroll of immolation {unknown}
 L - a scroll of noise {unknown}
 V - a scroll of vulnerability {unknown}
Potions
 k - 2 potions of cancellation
 p - a potion of brilliance
 q - 5 potions of agility
 r - a potion of ambrosia {unknown}
 t - 5 potions of flight
 A - 2 potions of curing
 I - 2 potions of heal wounds {unknown}
 P - 4 potions of mutation
 T - 2 potions of lignification
 U - a potion of haste {unknown}
 W - a potion of invisibility {unknown}
Comestibles
 c - 10 rations
 d - a chunk of flesh


   Skills:
 - Level 5.2 Fighting
 - Level 13.1(14.1) Axes
 - Level 8.9(12.1) Polearms
 + Level 2.2 Bows
 + Level 4.1 Throwing
 - Level 3.3 Armour
 - Level 3.3 Dodging
 + Level 5.3 Stealth


You had 9 spell levels left.
You didn't know any spells.

Dungeon Overview and Level Annotations

Branches:
Dungeon (9/15)             Temple (1/1) D:5            Lair (1/6) D:9
    Orc: D:9-12

Altars:
Ashenzari
Cheibriados
Dithmenos
Elyvilon
Fedhas
Gozag
Hepliaklqana
Kikubaaqudgha
Makhleb
Nemelex Xobeh
Okawaru
Qazlal
Ru
Sif Muna
Trog
Uskayaw
Vehumet
Wu Jian
Xom
Yredelemnul
Zin
The Shining One

Shops:
D:4 [


Innate Abilities, Weirdness & Mutations

You reflexively headbutt those who attack you in melee.
You have a pair of horns on your head.
You possess an exceptional clarity of mind.
Your flesh is cold resistant. (rC+)


Message History

You chop one of the six-headed hydra's heads off!
The five-headed hydra grows two more!
You slash the seven-headed hydra! The komodo dragon bites you!!
The seven-headed hydra closely misses you.
The seven-headed hydra misses you. The seven-headed hydra bites you.
The seven-headed hydra misses you. The seven-headed hydra bites you! x2
* * * LOW HITPOINT WARNING * * *
The seven-headed hydra bites you!
* * * LOW HITPOINT WARNING * * *
Your skin crawls.
You feel resistant to hostile enchantments.
You feel quite a bit more hungry.
The komodo dragon bites you but does no damage.
The seven-headed hydra bites you!
* * * LOW HITPOINT WARNING * * *
The seven-headed hydra bites you.
* * * LOW HITPOINT WARNING * * *
The seven-headed hydra barely misses you.
The seven-headed hydra bites you!
You die...

#.. ##..## #......#
###..##....#######.##
#...
....................(
...................>.
.[.............(.....
.....................
.....................
.............Dl......
.............@.......
............/........
#############.###.###
### #


You could see a seven-headed hydra and a komodo dragon.

Vanquished Creatures
  A two-headed ogre (D:8)
  Nergalle (Lair:1)
  Pikel (D:7)
  An elephant (D:9)
  A spiny frog (Lair:1)
  A troll (D:7)
  Grinder (D:6)
  Prince Ribbit (D:6)
  2 hippogriffs
  Sigmund (D:2)
  A steam dragon (D:8)
  A basilisk (D:9)
  The ghost of Homoerotic the Insei, an amateur GnTm (D:3)
  Eustachio (D:4)
  Menkaure (D:6)
  A water moccasin (Lair:1)
  An ice beast (D:8)
  An orc warrior (D:7)
  4 slaves (D:7)
  2 ogres
  A centaur (D:8)
  A crocodile (D:9)
  Blork the orc (D:6)
  4 bullfrogs
  A howler monkey (D:6)
  2 bullfrog zombies
  2 crimson imps
  7 orc priests
  5 hounds
  2 bullfrog skeletons
  A gnoll shaman (D:4)
  8 orc wizards
  Terence (D:3)
  4 worker ants
  11 adders
  8 gnolls
  2 shadow imps (D:8)
  An ooze (D:6)
  An adder skeleton (D:6)
  2 worms
  3 dart slugs
  5 leopard geckos
  27 orcs
  A ball python (D:1)
  9 bats
  3 giant cockroaches
  13 goblins
  4 hobgoblins
  5 jackals
  3 quokkas
  3 frilled lizards
  A giant cockroach zombie (D:6)
  A jackal skeleton (D:8)
  6 kobolds
  13 rats
  2 fungi (D:9)
  A plant (D:6)
190 creatures vanquished.

Notes
Turn   | Place    | Note
-------+----------+-------------------------------------------
     0 | D:1      | taaruk the Minotaur Berserker began the quest for the Orb.
     0 | D:1      | Reached XP level 1. HP: 19/19 MP: 0/0
   124 | D:1      | Reached XP level 2. HP: 24/27 MP: 1/1
  1109 | D:1      | Reached XP level 3. HP: 26/33 MP: 2/2
  1244 | D:2      | Reached ** piety under Trog
  1266 | D:2      | Found a blossoming altar of Fedhas.
  1830 | D:2      | Reached XP level 4. HP: 41/41 MP: 3/3
  1861 | D:2      | Found a bloodstained altar of Trog.
  1957 | D:2      | Noticed Sigmund
  2002 | D:2      | Killed Sigmund
  2002 | D:2      | Reached skill level 5 in Fighting
  2002 | D:2      | Reached skill level 5 in Polearms
  2002 | D:2      | Reached XP level 5. HP: 27/48 MP: 4/4
  2557 | D:2      | Found a deep blue altar of Sif Muna.
  3007 | D:3      | Noticed Homoerotic's ghost (amateur GnTm)
  3591 | D:3      | Found a glowing silver altar of Zin.
  3591 | D:3      | Noticed an angel
  3596 | D:3      | Found a shimmering altar of Xom.
  3598 | D:3      | Reached skill level 1 in Stealth
  3598 | D:3      | Reached XP level 6. HP: 56/56 MP: 5/5
  3680 | D:3      | Gained mutation: Your flesh is cold resistant. (rC+) [potion of mutation]
  3680 | D:3      | Gained mutation: You possess an exceptional clarity of mind. [potion of mutation]
  3818 | D:3      | Reached *** piety under Trog
  4221 | D:3      | Killed Homoerotic's ghost
  4221 | D:3      | Reached skill level 1 in Throwing
  4440 | D:3      | Found an ancient bone altar of Kikubaaqudgha.
  4441 | D:3      | Noticed Terence
  4471 | D:3      | Killed Terence
  4471 | D:3      | Reached XP level 7. HP: 47/61 MP: 6/6
  4625 | D:4      | Found a white marble altar of Elyvilon.
  4747 | D:4      | Found a sacrificial altar of Ru.
  4963 | D:4      | Found Qemainea's Armour Boutique.
  4991 | D:4      | Reached skill level 1 in Axes
  5316 | D:4      | Noticed Eustachio
  5323 | D:4      | Killed Eustachio
  5323 | D:4      | Reached skill level 2 in Axes
  5495 | D:5      | Entered Level 5 of the Dungeon
  5537 | D:5      | Found a staircase to the Ecumenical Temple.
  5587 | D:5      | Got a sparkling copper ring
  5646 | D:5      | Reached skill level 3 in Axes
  5673 | D:5      | Reached XP level 8. HP: 68/68 MP: 7/7
  5989 | D:5      | Reached skill level 4 in Axes
  6149 | Temple   | Entered the Ecumenical Temple
  6311 | D:6      | Noticed Grinder
  6323 | D:6      | Paralysed by Grinder for 3 turns
  6328 | D:6      | Killed Grinder
  6328 | D:6      | Reached skill level 5 in Axes
  6473 | D:6      | Reached skill level 6 in Axes
  6517 | D:6      | Identified the ring of Zoghumi {+Fly rElec Dex+2 Stlth+} (You found it on level 5 of the Dungeon)
  6717 | D:6      | Noticed Blork the orc
  6726 | D:6      | Killed Blork the orc
  6726 | D:6      | Reached **** piety under Trog
  6928 | D:6      | Reached skill level 7 in Axes
  6988 | D:6      | Noticed Prince Ribbit
  7001 | D:6      | Killed Prince Ribbit
  7150 | D:6      | Found a sacrificial altar of Ru.
  7279 | D:7      | Noticed Menkaure
  7299 | D:6      | Killed Menkaure
  7299 | D:6      | Reached skill level 8 in Axes
  7299 | D:6      | Reached XP level 9. HP: 19/74 MP: 8/8
  7465 | D:7      | Got a faintly glowing dagger
  7468 | D:7      | Found a burning altar of Makhleb.
  7506 | D:7      | Found a snail-covered altar of Cheibriados.
  7714 | D:7      | Got a brightly glowing spear
  7729 | D:7      | Noticed Pikel
  7752 | D:7      | Killed Pikel
  7752 | D:7      | Reached skill level 9 in Axes
  7795 | D:7      | Noticed a troll
  7805 | D:7      | Killed a troll
  7805 | D:7      | Reached skill level 10 in Axes
  8500 | D:8      | Reached skill level 11 in Axes
  8581 | D:8      | Noticed a two-headed ogre
  8592 | D:8      | Killed a two-headed ogre
  8592 | D:8      | Reached XP level 10. HP: 41/81 MP: 9/9
  8771 | D:8      | Received a gift from Trog
  8780 | D:8      | Found a shadowy altar of Dithmenos.
  8808 | D:8      | Reached skill level 12 in Axes
  8822 | D:8      | Found a stormy altar of Qazlal.
  9037 | D:8      | Found a hazy altar of Hepliaklqana.
  9446 | D:9      | Found a staircase to the Lair.
  9446 | D:9      | Noticed an elephant
  9453 | D:9      | Reached skill level 1 in Bows
  9460 | D:9      | Killed an elephant
  9575 | D:9      | Reached ***** piety under Trog
  9575 | D:9      | Reached skill level 5 in Stealth
  9614 | Lair:1   | Entered Level 1 of the Lair of Beasts
  9796 | Lair:1   | Noticed Nergalle
  9808 | Lair:1   | Noticed a spiny frog
  9825 | Lair:1   | Killed Nergalle
  9825 | Lair:1   | Reached skill level 13 in Axes
  9830 | Lair:1   | Killed a spiny frog
  9951 | Lair:1   | Noticed a six-headed hydra
  9960 | Lair:1   | Mangled by a seven-headed hydra

Skill      XL: |  1  2  3  4  5  6  7  8  9 10 |
---------------+-------------------------------+-----
Fighting       | 4 5 |  5.2
Polearms       | 4 5 7 8 |  8.9
Armour         | 3 |  3.3
Dodging        | 3 |  3.3
Stealth        | 1 2 3 4 5 |  5.3
Throwing       | 1 2 3 4 |  4.1
Axes           | 3 8 11 13 | 13.1
Bows           | 2 |  2.2

Action                   |  1- 3 |  4- 6 |  7- 9 | 10-12 || total
-------------------------+-------+-------+-------+-------++-------
Melee: Spear             |    78 |    51 |       |       ||   129
       Headbutt          |    10 |    25 |    45 |    30 ||   110
       Scythe            |       |    59 |       |       ||    59
       Hand axe          |       |    17 |   235 |    91 ||   343
 Fire: Shortbow          |       |       |     3 |       ||     3
Throw: Stone             |       |    28 |     9 |       ||    37
       Tomahawk          |       |       |     7 |       ||     7
Invok: Berserk           |     1 |     1 |     6 |     1 ||     9
       Trog's Hand       |       |       |     3 |     1 ||     4
       Burn Spellbooks   |       |       |     2 |       ||     2
  Use: Potion            |       |     7 |     1 |       ||     8
       Scroll            |       |     6 |    10 |     7 ||    23
 Stab: Sleeping          |       |       |     4 |       ||     4
       Distracted        |       |       |       |     1 ||     1
  Eat: Ration            |     1 |     4 |     3 |       ||     8
       Chunk             |       |     3 |    12 |     4 ||    19
Armor: Animal skin       |     6 |       |       |       ||     6
       Leather armour    |    11 |    12 |    28 |       ||    51
       Skin              |       |    10 |       |       ||    10
       Troll leather arm |       |       |     7 |    17 ||    24
Dodge: Dodged            |    51 |    90 |   143 |    49 ||   333
